 Dungeon Crawl Stone Soup version 0.18.1-2-ga659475 (webtiles) character file.

3103 HungrySpirit the Basher (level 10, -1/106 (109) HPs)
             Began as a Formicid Ice Elementalist on May 8, 2016.
             Was a Priest of Okawaru.
             Slain by a cyclops (8 damage)
             ... on level 12 of the Dungeon.
             The game lasted 00:20:07 (9822 turns).

HungrySpirit the Basher (Formicid Ice Elementalist) Turns: 9822, Time: 00:20:08

HP:   -1/106 (109)  AC: 25    Str: 16    XL:     10   Next: 13%
MP:   12/13         EV:  2    Int: 15    God:    Okawaru [***...]
Gold: 102           SH:  0    Dex: 11    Spells: 1 memorised, 12 levels left

rFire  + . .     SeeInvis .     o - +0 flail
rCold  . . .     Gourm    .     (armour currently unavailable)
rNeg   + + +     Faith    .     (no shield)
rPois  +         Spirit   .     (helmet unavailable)
rElec  .         Dismiss  .     (cloak currently unavailable)
rCorr  .         Reflect  .     (gloves currently unavailable)
SustAt .         Harm     .     (boots currently unavailable)
MR     +....                    (no amulet)
Stlth  +++++.....               d - +6 ring of slaying
                                I - ring of protection from fire

@: tree-form, heroism, somewhat resistant to hostile enchantments, quite
stealthy
A: permanent stasis, dig shafts and tunnels, four strong arms, (antennae 0)
a: Heroism, Renounce Religion


You were on level 12 of the Dungeon.
You worshipped Okawaru.
Okawaru was most pleased with you.
You were not hungry.
You were a tree.
You visited 2 branches of the dungeon, and saw 11 of its levels.
You also visited: Ossuary.

You collected 323 gold pieces.
You spent 221 gold pieces at shops.

Inventory:

Hand Weapons
 l - a +0 halberd of chopping
 o - a +0 flail (weapon)
Armour
 i - a +0 scale mail (melded)
 q - the +3 pair of gauntlets of War (melded) {Slay+5}
   (You acquired it in an ossuary)

   It affects your accuracy and damage with ranged weapons and melee attacks
   (+5).
 v - a +0 cloak (melded)
Magical Staves
 G - an uncursed staff of conjuration
Jewellery
 d - a +6 ring of slaying (right branch)
 u - an uncursed ring of protection from cold
 y - an uncursed ring of protection from magic
 I - a ring of protection from fire (left branch)
 J - an uncursed ring of protection from cold
 M - a +3 amulet of reflection {unknown}
Wands
 e - a wand of paralysis (16/24)
 E - a wand of confusion (10/48)
Scrolls
 f - 4 scrolls of identify
 k - 7 scrolls of remove curse
 t - a scroll of enchant weapon
 w - 3 scrolls of recharging
 A - 2 scrolls of enchant armour
 C - a scroll of fear
Potions
 g - a potion of magic
 j - a potion of beneficial mutation {unknown}
 m - a potion of cure mutation {unknown}
 n - 5 potions of curing
 p - a potion of berserk rage {unknown}
 r - 2 potions of haste {unknown}
 x - 2 potions of flight {unknown}
 z - 2 potions of brilliance {unknown}
 B - a potion of mutation
 D - a potion of lignification
 L - a potion of might {unknown}
Books
 b - a book of Frost

   Spells                             Type                      Level
   a - Freeze                         Ice                          1
   b - Throw Frost                    Conjuration/Ice              2
   c - Ozocubu's Armour               Charms/Ice                   3
   d - Throw Icicle                   Conjuration/Ice              4
   e - Summon Ice Beast               Ice/Summoning                4
 H - a book of Minor Magic

   Spells                             Type                      Level
   a - Magic Dart                     Conjuration                  1
   b - Blink                          Translocation                2
   c - Call Imp                       Summoning                    2
   d - Repel Missiles                 Charms/Air                   2
   e - Slow                           Hexes                        2
   f - Conjure Flame                  Conjuration/Fire             3
   g - Mephitic Cloud                 Conjuration/Poison/Air       3
Comestibles
 c - 5 bread rations
 h - 3 fruits
 s - 2 meat rations
 F - 2 slices of pizza
 K - 3 chunks of flesh


   Skills:
 - Level 4.4(9.4) Fighting
 * Level 10.0(15.3) Maces & Flails
 - Level 3.1(9.2) Polearms
 + Level 4.2(13.0) Staves
 + Level 5.7(10.7) Armour
 - Level 1.7(6.7) Dodging
 - Level 2.4(7.4) Stealth
 - Level 2.1 Spellcasting
   Level 0.8 Conjurations
 - Level 3.2 Ice Magic


You had 12 spell levels left.
You knew the following spells:

 Your Spells              Type           Power        Failure   Level  Hunger
a - Freeze                Ice            ##..         8%          1    #......


Dungeon Overview and Level Annotations

Branches:
Dungeon (13/15)            Temple (1/1) D:4
   Lair: D:8-11         Orc: D:9-12      Vaults: D:13-14

Altars:
Ashenzari
Cheibriados
Dithmenos
Elyvilon
Fedhas
Gozag
Kikubaaqudgha
Makhleb
Nemelex Xobeh
Okawaru
Qazlal
Ru
Trog
Xom
Yredelemnul
Zin
The Shining One

Shops:
D:4 ?   D:5 !   D:13 [

Annotations:
D:13 MordorOrchid's ghost, journeyman MiMo; oplop's ghost, journeyman OpTm


Innate Abilities, Weirdness & Mutations

You are under a permanent stasis effect.
You can dig through walls and to a lower floor.
Your four strong arms can wield two-handed weapons with a shield.
((You have a pair of large antennae on your head (SInv).))


Message History

The cyclops is moderately wounded.
The cyclops hits you but does no damage.
You hit the cyclops.
The cyclops is moderately wounded.
You thump the cyclops!
The cyclops is heavily wounded.
The cyclops hits you!
* * * LOW HITPOINT WARNING * * *
You hit the cyclops.
The cyclops is severely wounded.
You hit the cyclops.
The cyclops is severely wounded.
The cyclops hits you!
* * * LOW HITPOINT WARNING * * *
You sock the cyclops!
The cyclops is almost dead.
You hit the cyclops.
The cyclops is almost dead.
The cyclops hits you!
You die...

##############
...[....YC♣(>#
#####.#.######
# #.# #+# {


You could see a cyclops and a sheep.

Vanquished Creatures
  A slime creature (D:13)
  Menkaure (Ossuary)
  An orc warrior (D:7)
  3 ice beasts
  2 ogres
  2 necrophages
  A phantom (D:7)
  A sky beast (D:7)
  A centaur (D:7)
  A big kobold (D:7)
  2 scorpions
  A wight (D:5)
  4 howler monkeys
  3 crimson imps
  A jelly (D:5)
  A quasit (D:5)
  5 orc wizards
  2 giant frog skeletons
  3 orc priests
  5 hounds
  A gnoll shaman (D:4)
  Jessica (D:3)
  2 iguanas
  9 worker ants
  A sheep (D:12)
  2 hound skeletons (D:4)
  A mummy (Ossuary)
  9 gnolls
  8 adders
  3 shadow imps
  An ooze (D:4)
  An adder skeleton (D:7)
  2 worms
  2 dart slugs
  4 giant geckos
  40 orcs
  4 bats
  3 bat zombies (D:7)
  2 giant cockroaches (D:3)
  3 gnoll zombies (Ossuary)
  2 hobgoblins
  12 jackals
  10 kobolds
  4 quokkas
  2 giant cockroach zombies (D:5)
  A giant gecko skeleton (D:5)
  8 giant newts
  3 gnoll skeletons (Ossuary)
  4 goblins
  2 goblin skeletons (Ossuary)
  A goblin zombie (Ossuary)
  5 hobgoblin skeletons (Ossuary)
  2 hobgoblin zombies (Ossuary)
  A kobold skeleton (Ossuary)
  2 kobold zombies (Ossuary)
  2 orc skeletons (Ossuary)
  An orc zombie (Ossuary)
  2 quokka skeletons
  7 rats
  A rat skeleton (Ossuary)
  3 rat zombies
215 creatures vanquished.

Vanquished Creatures (collateral kills)
  A worker ant (D:13)
1 creature vanquished.

Vanquished Creatures (others)
  A crimson imp (D:5)
  An orc wizard (D:5)
  2 mummies (Ossuary)
  An adder (D:5)
  A worm (D:5)
  An orc (D:5)
  A ball python (D:4)
  A giant cockroach (D:5)
  A giant newt (D:5)
  2 gnoll zombies (Ossuary)
  A goblin skeleton (Ossuary)
  3 goblin zombies (Ossuary)
  2 hobgoblin skeletons (Ossuary)
  3 hobgoblin zombies (Ossuary)
  A kobold skeleton (Ossuary)
  2 kobold zombies (Ossuary)
  4 orc skeletons (Ossuary)
  3 orc zombies (Ossuary)
  3 rat skeletons (Ossuary)
  2 rat zombies (Ossuary)
36 creatures vanquished.

Grand Total: 252 creatures vanquished

Notes
Turn   | Place    | Note
--------------------------------------------------------------
     0 | D:1      | HungrySpirit the Formicid Ice Elementalist began the quest for the Orb.
     0 | D:1      | Reached XP level 1. HP: 13/13 MP: 3/3
   228 | D:1      | Reached skill level 1 in Fighting
   228 | D:1      | Reached XP level 2. HP: 21/21 MP: 5/5
   383 | D:1      | Reached skill level 1 in Maces & Flails
   608 | D:2      | Reached XP level 3. HP: 20/26 MP: 2/6
   668 | D:2      | Found a white marble altar of Elyvilon.
   714 | D:2      | Reached skill level 2 in Maces & Flails
   738 | D:2      | Reached XP level 4. HP: 26/33 MP: 7/7
  1099 | D:2      | Reached skill level 3 in Maces & Flails
  1718 | D:3      | Reached XP level 5. HP: 35/39 MP: 4/8
  1894 | D:3      | Found a snail-covered altar of Cheibriados.
  1898 | D:3      | Noticed Jessica
  1910 | D:3      | Killed Jessica
  2358 | D:4      | Reached skill level 4 in Maces & Flails
  2358 | D:4      | Reached XP level 6. HP: 36/47 MP: 9/9
  3083 | D:4      | Reached skill level 5 in Maces & Flails
  3136 | D:4      | Reached XP level 7. HP: 20/53 MP: 10/10
  4426 | D:4      | Found Xamiagh's Magic Scroll Shop.
  4431 | D:4      | Bought a scroll of enchant weapon for 90 gold pieces
  4431 | D:4      | Bought a scroll of random uselessness for 12 gold pieces
  4733 | D:4      | Found a staircase to the Ecumenical Temple.
  4806 | Temple   | Entered the Ecumenical Temple
  4813 | Temple   | Became a worshipper of Warmaster Okawaru
  4889 | D:4      | Reached skill level 6 in Maces & Flails
  5047 | D:5      | Entered Level 5 of the Dungeon
  5047 | D:5      | Found a sand-covered staircase.
  5086 | Ossuary  | Entered an ossuary
  5478 | Ossuary  | Noticed Menkaure
  5488 | Ossuary  | Killed Menkaure
  5493 | Ossuary  | Reached skill level 1 in Polearms
  5693 | Ossuary  | Identified a scroll of acquirement
  5759 | D:5      | Reached skill level 1 in Armour
  5759 | D:5      | Reached XP level 8. HP: 60/61 MP: 11/11
  5941 | D:5      | Found Qucum's Distillery.
  5944 | D:5      | Found a blossoming altar of Fedhas.
  5958 | D:5      | Bought a potion of mutation for 35 gold pieces
  5958 | D:5      | Bought a potion of lignification for 42 gold pieces
  5958 | D:5      | Bought a potion of curing for 42 gold pieces
  5976 | D:5      | Reached skill level 7 in Maces & Flails
  6177 | D:5      | Reached * piety under Okawaru
  6337 | D:5      | Found an ancient bone altar of Kikubaaqudgha.
  6447 | D:5      | Found a blossoming altar of Fedhas.
  6699 | D:5      | Found a shimmering altar of Xom.
  6932 | D:6      | Reached skill level 8 in Maces & Flails
  6932 | D:6      | Reached XP level 9. HP: 52/66 MP: 12/12
  7102 | D:6      | Reached skill level 1 in Staves
  7120 | D:6      | Reached ** piety under Okawaru
  7264 | D:6      | Found a stormy altar of Qazlal.
  7265 | D:6      | Found a burning altar of Makhleb.
  7451 | D:6      | Found a glowing silver altar of Zin.
  8228 | D:7      | Reached skill level 9 in Maces & Flails
  8807 | D:7      | Reached skill level 5 in Armour
  9002 | D:7      | Noticed a deep elf mage
  9014 | D:7      | You fall through a shaft for 3 floors!
  9014 | D:10     | Entered Level 10 of the Dungeon
  9388 | D:10     | Noticed a two-headed ogre
  9403 | D:10     | You fall through a shaft for 3 floors!
  9557 | D:13     | Noticed oplop's ghost (journeyman OpTm)
  9658 | D:13     | Found Xigezov's Armour Shoppe.
  9659 | D:13     | Noticed a slime creature
  9662 | D:13     | Noticed a slime creature
  9710 | D:13     | Killed a large slime creature
  9710 | D:13     | Reached *** piety under Okawaru
  9710 | D:13     | Reached XP level 10. HP: 65/71 MP: 13/13
  9745 | D:13     | Noticed MordorOrchid's ghost (journeyman MiMo)
  9797 | D:12     | Noticed a cyclops
  9811 | D:12     | Reached skill level 10 in Maces & Flails
  9822 | D:12     | Slain by a cyclops

Skill      XL: |  1  2  3  4  5  6  7  8  9 10 |
---------------+-------------------------------+-----
Fighting       | 1 2 3 4 |  4.4
Maces & Flails | 1 2 3 4 5 6 8 9 10 | 10.0
Polearms       | 1 3 |  3.1
Armour         | 1 3 5 |  5.7
Staves         | 4 |  4.2
Dodging        | |  1.7
Stealth        | |  2.4
Spellcasting   | |  2.1
Conjurations   | |  0.8
Ice Magic      | |  3.2

Action                   |  1- 3 |  4- 6 |  7- 9 | 10-12 || total
-------------------------+-------+-------+-------+-------++-------
Melee: Mace              |    62 |   210 |       |       ||   272
       Whip              |    24 |       |       |       ||    24
       Flail             |       |    43 |   551 |    12 ||   606
       Punch             |       |       |     1 |       ||     1
 Cast: Freeze            |     4 |    16 |     1 |       ||    21
Invok: Heroism           |       |       |     2 |     1 ||     3
 Abil: Dig               |       |     4 |     7 |       ||    11
       Shaft Self        |       |       |     2 |       ||     2
Evoke: Wand              |       |       |     6 |       ||     6
  Use: Scroll            |       |     8 |     7 |       ||    15
       Potion            |       |       |     3 |     1 ||     4
 Stab: Paralysed         |       |       |     8 |       ||     8
  Eat: Chunk             |       |     8 |    15 |       ||    23
       Fruit             |       |       |     9 |       ||     9
       Pizza             |       |       |     1 |       ||     1
Armor: Robe              |     6 |       |       |       ||     6
       Scale mail        |    47 |   156 |   237 |     3 ||   443
       Skin              |       |       |       |     1 ||     1
Dodge: Dodged            |    54 |   154 |   210 |     4 ||   422
